Coyotes vs Canadiens
Created - 11 avril 2013 at 22:30
Goals
|
| Coyotes |
0 |
3 |
1 |
4 |
| Canadiens |
0 |
0 |
3 |
3 |
|
Shots
|
| Coyotes |
13 |
16 |
13 |
42 |
| Canadiens |
6 |
5 |
15 |
26 |
|
1st period
No Goal
Penalties :
Frans Nielsen (Pho) for Hooking (Minor) at 0:42, Bill Guerin (Pho) for Hooking (Minor) at 19:32
2nd period
1. Coyotes , Brenden Morrow 17 (Marian Gaborik, Tim Connolly) at 11:14
2. Coyotes , Marian Gaborik 36 (Brenden Morrow, Tim Connolly) at 12:37
3. Coyotes , Frans Nielsen 23 (Sergei Samsonov, Jiri Fischer) at 15:56
Penalties :
Shane O'Brien (Mon) for Fighting (Major) at 17:30, Tom Poti (Pho) for Fighting (Major) at 17:30
3rd period
4. Canadiens , Robert Nilsson 35 (Marek Svatos, Duncan Keith) at 1:55 (PP)
5. Coyotes , Brenden Morrow 18 (Marian Gaborik, Tim Connolly) at 12:31 (PP)
6. Canadiens , Mike York 29 (Robert Nilsson) at 15:33 (PP)
7. Canadiens , Viktor Kozlov 16 (Tomas Holmstrom, Tomas Kloucek) at 17:23 (PP)
Penalties :
Lukas Krajicek (Pho) for Interference (Minor) at 1:43, Ryane Clowe (Mon) for Holding (Minor) at 12:19, Denis Grebeshkov (Pho) for Hooking (Minor) at 15:31, Denis Grebeshkov (Pho) for Roughing (Minor) at 16:27
Goalie Stats
Ryan Miller (Pho), 23 saves from 26 shots - (0,885), W, 27-19-5, 60:00 minutes
Kari Lehtonen (Mon), 38 saves from 42 shots - (0,905), L, 21-20-4, 59:17 minutes
Players Stats for Coyotes
Player Name G A P +/- PIM S H SB GA TA FO MP PP MP PK MP
------------------------------------------------------------------------------------
Bill Guerin 0 0 0 1 2 0 3 0 0 0 0/0 13:27 0:00 0:00
Brenden Morrow 2 1 3 2 0 7 3 0 1 0 0/1 21:23 0:12 0:16
Brian Pothier 0 0 0 1 0 1 0 0 1 1 0/0 21:48 0:00 2:16
Chad Larose 0 0 0 0 0 1 0 0 0 0 4/8 14:56 0:00 3:21
Craig Adams 0 0 0 0 0 3 1 0 0 0 0/0 10:43 0:00 1:44
Denis Grebeshkov 0 0 0 1 4 4 0 0 0 0 0/0 23:33 0:12 0:12
Drew Miller 0 0 0 0 0 1 1 0 0 0 1/2 14:32 0:00 3:19
Frans Nielsen 1 0 1 1 2 2 1 0 0 0 3/9 14:53 0:00 0:40
Jiri Fischer 0 1 1 1 0 0 1 0 0 0 0/0 14:34 0:00 2:16
Kurt Sauer 0 0 0 1 0 0 1 2 0 2 0/0 22:42 0:00 2:52
Lukas Krajicek 0 0 0 1 2 0 2 0 0 0 0/0 14:30 0:00 0:00
Marian Gaborik 1 2 3 2 0 13 3 0 1 2 1/2 21:02 0:12 0:00
Maxim Lapierre 0 0 0 0 0 3 1 0 0 1 3/8 12:57 0:00 0:56
Riley Cote 0 0 0 0 0 2 0 0 0 0 0/0 8:16 0:00 0:00
Sergei Samsonov 0 1 1 1 0 0 0 1 2 0 0/0 13:23 0:00 0:00
Tim Connolly 0 3 3 2 0 1 1 0 0 2 21/32 21:02 0:12 0:00
Todd Marchant 0 0 0 0 0 1 0 0 0 0 3/5 8:16 0:00 0:00
Tom Poti 0 0 0 1 5 3 1 1 0 0 0/0 22:49 0:12 2:40
Players Stats for Canadiens
Player Name G A P +/- PIM S H SB GA TA FO MP PP MP PK MP
------------------------------------------------------------------------------------
Alexei Yashin 0 0 0 0 0 2 1 0 0 0 5/13 14:47 0:00 0:00
Duncan Keith 0 1 1 -1 0 3 2 0 1 1 0/0 29:13 2:59 0:12
Éric Desjardins 0 0 0 -1 0 3 2 1 2 2 0/0 25:37 2:59 0:12
Jamie Lundmark 0 0 0 0 0 0 0 0 0 0 1/1 1:05 0:00 0:00
Jeff Woywitka 0 0 0 -2 0 0 0 1 0 0 0/0 19:56 2:09 0:00
Marek Svatos 0 1 1 0 0 2 1 0 1 0 0/0 22:49 2:49 0:00
Mike York 1 0 1 0 0 2 1 0 0 0 0/0 22:50 2:49 0:00
Patrick Eaves 0 0 0 0 0 1 3 0 0 0 0/0 14:54 0:00 0:00
Richard Zednik 0 0 0 -3 0 0 0 0 0 0 1/1 17:07 2:19 0:00
Robert Nilsson 1 1 2 0 0 3 4 0 1 0 17/36 26:09 2:49 0:12
Ryane Clowe 0 0 0 0 2 3 1 0 0 0 0/0 15:05 0:00 0:00
Shane O'Brien 0 0 0 0 5 1 1 0 0 1 0/0 10:18 0:00 0:00
Sheldon Souray 0 0 0 0 0 0 0 0 0 0 0/0 4:22 0:00 0:00
Tomas Holmstrom 0 1 1 -3 0 2 1 0 2 0 1/1 17:12 2:19 0:00
Tomas Kloucek 0 1 1 -2 0 0 1 2 0 1 0/0 19:42 2:09 0:00
Tyler Arnason 0 0 0 0 0 0 1 1 0 0 1/3 6:58 0:00 0:00
Tyler Sloan 0 0 0 0 0 1 1 0 0 0 0/0 11:05 0:00 0:00
Viktor Kozlov 1 0 1 -3 0 3 0 0 1 0 5/12 20:37 2:19 0:12
3 Stars
1 - Brenden Morrow (Pho)
2 - Marian Gaborik (Pho)
3 - Tim Connolly (Pho)
Power Play
Coyotes - 1 on 1 Attempt(s) - 100,00%
Canadiens - 3 on 5 Attempt(s) - 60,00%
Penalty Kill
Coyotes - 2 on 5 Attempt(s) - 40,00%
- Score 0 goal in Penalty Kill
Canadiens - 0 on 1 Attempt(s) - 0,00%
- Score 0 goal in Penalty Kill
Official
Referees : Hasenfratz Mike and StPierre Justin
Linesman : Andy McElman and Jonny Murray
Game Notes
Tom Poti beats up Shane O'Brien at 17:30 of 2nd period
Finance
Level 1 -- Attendance: 4683 (78,05%) -- Ticket Income 421 470 $
Level 2 -- Attendance: 3932 (78,64%) -- Ticket Income 216 260 $
Level 3 -- Attendance: 1851 (92,55%) -- Ticket Income 55 530 $
Level 4 -- Attendance: 3620 (90,50%) -- Ticket Income 61 540 $
Luxury Box -- Attendance: 750 (75,00%) -- Ticket Income 135 000 $
Game was played at the Centre Bell
Total Attendance: 14836 (82,42%)
Total Ticket Income: 889 800 $
Total Income: 889 800 $
Coyotes
5 vs 5 Forward
Center Left Wing Right Wing Time % Phy DF OF
1 Tim Connolly Brenden Morrow Marian Gaborik 40 1 2 2
2 Frans Nielsen Sergei Samsonov Bill Guerin 30 1 2 2
3 Maxim Lapierre Drew Miller Chad Larose 20 1 2 2
4 Todd Marchant Riley Cote Craig Adams 10 1 2 2
5 vs 5 Defense
Defense Defense Time % Phy DF OF
1 Tom Poti Denis Grebeshkov 40 1 2 2
2 Brian Pothier Kurt Sauer 35 1 2 2
3 Lukas Krajicek Jiri Fischer 20 1 2 2
4 Tom Poti Denis Grebeshkov 5 1 2 2
PowerPlay Forward
Center Left Wing Right Wing Time % Phy DF OF
1 Tim Connolly Brenden Morrow Marian Gaborik 60 1 2 2
2 Frans Nielsen Sergei Samsonov Bill Guerin 40 1 2 2
PowerPlay Defense
Defense Defense Time % Phy DF OF
1 Tom Poti Denis Grebeshkov 60 1 2 2
2 Brian Pothier Lukas Krajicek 40 1 2 2
Penalty Kill 4 Players Forward
Center Wing Time % Phy DF OF
1 Chad Larose Drew Miller 60 1 2 2
2 Frans Nielsen Craig Adams 40 1 2 2
Penalty Kill 4 Players Defense
Defense Defense Time % Phy DF OF
1 Tom Poti Kurt Sauer 60 1 2 2
2 Brian Pothier Jiri Fischer 40 1 2 2
Penalty Kill - 3 Players Forward
Forward Time % Phy DF OF
1 Chad Larose 60 1 2 2
2 Drew Miller 40 1 2 2
Penalty Kill - 3 Players Defense
Defense Defense Time % Phy DF OF
1 Tom Poti Kurt Sauer 60 1 2 2
2 Brian Pothier Jiri Fischer 40 1 2 2
4 vs 4 Forward
Center Wing Time % Phy DF OF
1 Tim Connolly Marian Gaborik 60 1 2 2
2 Frans Nielsen Brenden Morrow 40 1 2 2
4 vs 4 Defense
Defense Defense Time % Phy DF OF
1 Tom Poti Denis Grebeshkov 60 1 2 2
2 Brian Pothier Kurt Sauer 40 1 2 2
Last Minutes Offensive
Center Left Wing Right Wing Defense Defense
Tim Connolly Brenden Morrow Marian Gaborik Tom Poti Denis Grebeshkov
Last Minutes Defensive
Center Left Wing Right Wing Defense Defense
Tim Connolly Brenden Morrow Marian Gaborik Tom Poti Kurt Sauer
Goaltenders
Starting : Ryan Miller
Backup : Peter Budaj
Extra Forwards
Normal : Chad Larose, Drew Miller, Craig Adams - PP : Chad Larose, Drew Miller - PK : Craig Adams
Extra Defensemen
Normal : Lukas Krajicek, Jiri Fischer, Denis Grebeshkov - PP : Lukas Krajicek - PK : Denis Grebeshkov, Jiri Fischer
Penalty Shots
Marian Gaborik, Sergei Samsonov, Bill Guerin, Brenden Morrow, Frans Nielsen
Canadiens
5 vs 5 Forward
Center Left Wing Right Wing Time % Phy DF OF
1 Robert Nilsson Mike York Marek Svatos 40 1 2 2
2 Viktor Kozlov Tomas Holmstrom Richard Zednik 30 1 2 2
3 Alexei Yashin Ryane Clowe Patrick Eaves 20 1 2 2
4 Tyler Arnason Robert Nilsson Viktor Kozlov 10 1 2 2
5 vs 5 Defense
Defense Defense Time % Phy DF OF
1 Duncan Keith Éric Desjardins 40 1 2 2
2 Jeff Woywitka Tomas Kloucek 30 1 2 2
3 Tyler Sloan Shane O'Brien 20 1 2 2
4 Sheldon Souray Duncan Keith 10 1 2 2
PowerPlay Forward
Center Left Wing Right Wing Time % Phy DF OF
1 Robert Nilsson Mike York Marek Svatos 60 1 2 2
2 Viktor Kozlov Tomas Holmstrom Richard Zednik 40 1 2 2
PowerPlay Defense
Defense Defense Time % Phy DF OF
1 Duncan Keith Éric Desjardins 60 1 2 2
2 Jeff Woywitka Tomas Kloucek 40 1 2 2
Penalty Kill 4 Players Forward
Center Wing Time % Phy DF OF
1 Robert Nilsson Viktor Kozlov 60 1 2 2
2 Alexei Yashin Mike York 40 1 2 2
Penalty Kill 4 Players Defense
Defense Defense Time % Phy DF OF
1 Duncan Keith Éric Desjardins 60 1 2 2
2 Jeff Woywitka Tomas Kloucek 40 1 2 2
Penalty Kill - 3 Players Forward
Forward Time % Phy DF OF
1 Robert Nilsson 60 1 2 2
2 Viktor Kozlov 40 1 2 2
Penalty Kill - 3 Players Defense
Defense Defense Time % Phy DF OF
1 Duncan Keith Éric Desjardins 60 1 2 2
2 Jeff Woywitka Tomas Kloucek 40 1 2 2
4 vs 4 Forward
Center Wing Time % Phy DF OF
1 Robert Nilsson Viktor Kozlov 60 1 2 2
2 Alexei Yashin Mike York 40 1 2 2
4 vs 4 Defense
Defense Defense Time % Phy DF OF
1 Duncan Keith Éric Desjardins 60 1 2 2
2 Jeff Woywitka Tomas Kloucek 40 1 2 2
Last Minutes Offensive
Center Left Wing Right Wing Defense Defense
Robert Nilsson Mike York Marek Svatos Duncan Keith Éric Desjardins
Last Minutes Defensive
Center Left Wing Right Wing Defense Defense
Robert Nilsson Mike York Marek Svatos Duncan Keith Éric Desjardins
Goaltenders
Starting : Kari Lehtonen
Backup : Mikael Tellqvist
Extra Forwards
Normal : Tyler Arnason, Ryane Clowe, Patrick Eaves - PP : Tyler Arnason, Ryane Clowe - PK : Patrick Eaves
Extra Defensemen
Normal : Tyler Sloan, Shane O'Brien, Sheldon Souray - PP : Tyler Sloan - PK : Shane O'Brien, Sheldon Souray
Penalty Shots
Robert Nilsson, Viktor Kozlov, Alexei Yashin, Mike York, Tomas Holmstrom
% Time on Ice - Coyotes
Lines # - Real PCT - Wanted PCT - Time Play
Normal Forward
1 - 37% - 40% - 19:42
2 - 27% - 30% - 14:40
3 - 20% - 20% - 10:49
4 - 15% - 10% - 8:16
Normal Defense
1 - 41% - 40% - 21:43
2 - 37% - 35% - 19:32
3 - 20% - 20% - 10:26
4 - 3% - 5% - 1:46
PP Forward
1 - 100% - 60% - 0:12
2 - 0% - 40% - 0:00
PP Defense
1 - 100% - 60% - 0:12
2 - 0% - 40% - 0:00
PK Forward
1 - 70% - 60% - 3:35
2 - 30% - 40% - 1:33
PK Defense
1 - 56% - 60% - 2:52
2 - 44% - 40% - 2:16
PK3 Forward
1 - 0% - 60%
2 - 0% - 40%
PK3 Defense
1 - 0% - 60%
2 - 0% - 40%
44 Forward
1 - 0% - 60%
2 - 0% - 40%
44 Defense
1 - 0% - 60%
2 - 0% - 40%
Last Minute Offensive - 0:00
Last Minute Defensive - 1:13
Total
Forward - 60:00
Defense - 60:00
|
% Time on Ice - Canadiens
Lines # - Real PCT - Wanted PCT - Time Play
Normal Forward
1 - 35% - 40% - 18:33
2 - 28% - 30% - 14:48
3 - 27% - 20% - 14:35
4 - 10% - 10% - 5:32
Normal Defense
1 - 40% - 40% - 21:34
2 - 32% - 30% - 17:13
3 - 21% - 20% - 11:05
4 - 7% - 10% - 3:36
PP Forward
1 - 55% - 60% - 2:49
2 - 45% - 40% - 2:19
PP Defense
1 - 58% - 60% - 2:59
2 - 42% - 40% - 2:09
PK Forward
1 - 100% - 60% - 0:12
2 - 0% - 40% - 0:00
PK Defense
1 - 100% - 60% - 0:12
2 - 0% - 40% - 0:00
PK3 Forward
1 - 0% - 60%
2 - 0% - 40%
PK3 Defense
1 - 0% - 60%
2 - 0% - 40%
44 Forward
1 - 0% - 60%
2 - 0% - 40%
44 Defense
1 - 0% - 60%
2 - 0% - 40%
Last Minute Offensive - 1:12
Last Minute Defensive - 0:00
Total
Forward - 60:00
Defense - 60:00
|
Play by Play
1st period
0:01 of 1st period - Tim Connolly wins face-off versus Robert Nilsson in neutral zone.
0:31 of 1st period - Off-side.
0:32 of 1st period - Frans Nielsen wins face-off versus Viktor Kozlov in neutral zone.
0:42 of 1st period - Minor Penalty to Frans Nielsen for Hooking.
0:43 of 1st period - Robert Nilsson wins face-off versus Chad Larose in Coyotes zone.
1:41 of 1st period - Snap shot by Maxim Lapierre.
1:41 of 1st period - Stopped by Kari Lehtonen without a rebound.
1:42 of 1st period - Robert Nilsson wins face-off versus Maxim Lapierre in Canadiens zone.
1:47 of 1st period - Brian Pothier is hit by Duncan Keith and loses puck.
2:06 of 1st period - Chad Larose is hit by Duncan Keith and loses puck.
2:42 of 1st period - Penalty to Frans Nielsen is over, Frans Nielsen is back on ice.
3:16 of 1st period - Snap shot by Patrick Eaves.
3:16 of 1st period - Shot Misses the Net.
3:58 of 1st period - Slapshot by Tom Poti.
3:58 of 1st period - Stopped by Kari Lehtonen without a rebound.
3:59 of 1st period - Tim Connolly wins face-off versus Robert Nilsson in Canadiens zone.
4:26 of 1st period - Jeff Woywitka is hit by Bill Guerin and loses puck.
4:55 of 1st period - Jiri Fischer is hit by Tomas Holmstrom and loses puck.
7:53 of 1st period - Snap shot by Drew Miller.
7:53 of 1st period - Shot Misses the Net.
9:07 of 1st period - Off-side.
9:08 of 1st period - Todd Marchant wins face-off versus Robert Nilsson in neutral zone.
10:13 of 1st period - Icing by Brian Pothier.
10:14 of 1st period - Tim Connolly wins face-off versus Alexei Yashin in Coyotes zone.
11:08 of 1st period - Off-side.
11:09 of 1st period - Alexei Yashin wins face-off versus Tim Connolly in neutral zone.
11:12 of 1st period - Slapshot by Duncan Keith.
11:12 of 1st period - Deflect By Patrick Eaves.
11:12 of 1st period - Shot Misses the Net.
11:12 of 1st period - Puck is out of play.
11:13 of 1st period - Tim Connolly wins face-off versus Alexei Yashin in Coyotes zone.
11:22 of 1st period - Slapshot by Duncan Keith.
11:22 of 1st period - Stopped by Ryan Miller without a rebound.
11:23 of 1st period - Tim Connolly wins face-off versus Robert Nilsson in Coyotes zone.
11:36 of 1st period - Snap shot by Brenden Morrow.
11:36 of 1st period - Shot Misses the Net.
11:48 of 1st period - Tom Poti is hit by Éric Desjardins and loses puck.
12:16 of 1st period - Wrist shot by Patrick Eaves.
12:16 of 1st period - Stopped by Ryan Miller without a rebound.
12:17 of 1st period - Tim Connolly wins face-off versus Robert Nilsson in Coyotes zone.
12:24 of 1st period - Slapshot by Brenden Morrow.
12:24 of 1st period - Stopped by Kari Lehtonen with a rebound.
12:46 of 1st period - Wrist shot by Viktor Kozlov.
12:46 of 1st period - Deflect By Drew Miller.
12:46 of 1st period - Shot Misses the Net.
12:46 of 1st period - Puck is out of play.
12:47 of 1st period - Robert Nilsson wins face-off versus Maxim Lapierre in Coyotes zone.
12:54 of 1st period - Snap shot by Mike York.
12:54 of 1st period - Shot Misses the Net.
13:00 of 1st period - Snap shot by Marek Svatos.
13:00 of 1st period - Stopped by Ryan Miller with a rebound.
13:02 of 1st period - Slapshot by Tyler Sloan.
13:02 of 1st period - Deflect By Marek Svatos.
13:02 of 1st period - Shot Blocked by Tom Poti.
13:02 of 1st period - Puck is out of play.
13:03 of 1st period - Tim Connolly wins face-off versus Viktor Kozlov in Coyotes zone.
13:18 of 1st period - Backhand shot by Brenden Morrow.
13:18 of 1st period - Stopped by Kari Lehtonen with a rebound.
14:16 of 1st period - Snap shot by Riley Cote.
14:16 of 1st period - Stopped by Kari Lehtonen with a rebound.
14:18 of 1st period - Snap shot by Brian Pothier.
14:18 of 1st period - Stopped by Kari Lehtonen without a rebound.
14:19 of 1st period - Robert Nilsson wins face-off versus Todd Marchant in Canadiens zone.
14:47 of 1st period - Backhand shot by Tom Poti.
14:47 of 1st period - Shot Misses the Net.
14:49 of 1st period - Slapshot by Denis Grebeshkov.
14:49 of 1st period - Stopped by Kari Lehtonen with a rebound.
14:53 of 1st period - Slapshot by Tom Poti.
14:53 of 1st period - Stopped by Kari Lehtonen with a rebound.
14:55 of 1st period - Snap shot by Riley Cote.
14:55 of 1st period - Stopped by Kari Lehtonen with a rebound.
14:57 of 1st period - Wrist shot by Todd Marchant.
14:57 of 1st period - Shot Misses the Net.
14:59 of 1st period - Snap shot by Craig Adams.
14:59 of 1st period - Stopped by Kari Lehtonen without a rebound.
15:00 of 1st period - Viktor Kozlov wins face-off versus Tim Connolly in Canadiens zone.
15:13 of 1st period - Snap shot by Viktor Kozlov.
15:13 of 1st period - Stopped by Ryan Miller without a rebound.
15:14 of 1st period - Viktor Kozlov wins face-off versus Tim Connolly in Coyotes zone.
15:29 of 1st period - Richard Zednik is hit by Brenden Morrow and loses puck.
15:42 of 1st period - Snap shot by Drew Miller.
15:42 of 1st period - Stopped by Kari Lehtonen with a rebound.
17:07 of 1st period - Tyler Sloan is hit by Marian Gaborik.
17:37 of 1st period - Lukas Krajicek is hit by Mike York and loses puck.
18:31 of 1st period - Snap shot by Marian Gaborik.
18:31 of 1st period - Stopped by Kari Lehtonen without a rebound.
18:32 of 1st period - Tim Connolly wins face-off versus Robert Nilsson in Canadiens zone.
18:33 of 1st period - Wrist shot by Marian Gaborik.
18:33 of 1st period - Stopped by Kari Lehtonen without a rebound.
18:34 of 1st period - Tim Connolly wins face-off versus Alexei Yashin in Canadiens zone.
19:05 of 1st period - Snap shot by Mike York.
19:05 of 1st period - Stopped by Ryan Miller with a rebound.
19:29 of 1st period - Snap shot by Viktor Kozlov.
19:29 of 1st period - Shot Hit the Post.
19:31 of 1st period - Wrist shot by Tomas Holmstrom.
19:31 of 1st period - Stopped by Ryan Miller with a rebound.
19:32 of 1st period - Minor Penalty to Bill Guerin for Hooking.
19:33 of 1st period - Chad Larose wins face-off versus Robert Nilsson in Coyotes zone.
2nd period
0:01 of 2nd period - Chad Larose wins face-off versus Robert Nilsson in neutral zone.
0:58 of 2nd period - Marek Svatos is hit by Craig Adams and loses puck.
1:32 of 2nd period - Penalty to Bill Guerin is over, Bill Guerin is back on ice.
1:58 of 2nd period - Robert Nilsson is hit by Jiri Fischer and loses puck.
2:15 of 2nd period - Tyler Arnason is hit by Kurt Sauer and loses puck.
2:39 of 2nd period - Snap shot by Tyler Arnason.
2:39 of 2nd period - Shot Misses the Net.
2:51 of 2nd period - Tim Connolly is hit by Robert Nilsson and loses puck.
2:58 of 2nd period - Snap shot by Tom Poti.
2:58 of 2nd period - Shot Misses the Net.
3:22 of 2nd period - Brenden Morrow is hit by Tyler Arnason and loses puck.
3:57 of 2nd period - Tomas Kloucek is hit by Brenden Morrow and loses puck.
4:02 of 2nd period - Snap shot by Marian Gaborik.
4:02 of 2nd period - Stopped by Kari Lehtonen with a rebound.
4:04 of 2nd period - Slapshot by Brenden Morrow.
4:04 of 2nd period - Shot Blocked by Tomas Kloucek.
4:06 of 2nd period - Wrist shot by Denis Grebeshkov.
4:06 of 2nd period - Stopped by Kari Lehtonen without a rebound.
4:07 of 2nd period - Alexei Yashin wins face-off versus Frans Nielsen in Canadiens zone.
4:30 of 2nd period - Kurt Sauer is hit by Patrick Eaves and loses puck.
4:46 of 2nd period - Slapshot by Ryane Clowe.
4:46 of 2nd period - Shot Misses the Net.
4:48 of 2nd period - Wrist shot by Ryane Clowe.
4:48 of 2nd period - Stopped by Ryan Miller with a rebound.
4:50 of 2nd period - Slapshot by Shane O'Brien.
4:50 of 2nd period - Stopped by Ryan Miller without a rebound.
4:51 of 2nd period - Maxim Lapierre wins face-off versus Alexei Yashin in Coyotes zone.
5:01 of 2nd period - Off-side.
5:02 of 2nd period - Jamie Lundmark wins face-off versus Maxim Lapierre in neutral zone.
5:17 of 2nd period - Snap shot by Marek Svatos.
5:17 of 2nd period - Stopped by Ryan Miller with a rebound.
6:16 of 2nd period - Kurt Sauer is hit by Tyler Sloan and loses puck.
6:59 of 2nd period - Snap shot by Marian Gaborik.
6:59 of 2nd period - Stopped by Kari Lehtonen without a rebound.
7:00 of 2nd period - Maxim Lapierre wins face-off versus Alexei Yashin in Canadiens zone.
7:55 of 2nd period - Slapshot by Tom Poti.
7:55 of 2nd period - Shot Misses the Net.
8:07 of 2nd period - Richard Zednik is hit by Tom Poti and loses puck.
8:32 of 2nd period - Snap shot by Craig Adams.
8:32 of 2nd period - Shot Misses the Net.
8:56 of 2nd period - Wrist shot by Marian Gaborik.
8:56 of 2nd period - Stopped by Kari Lehtonen with a rebound.
9:25 of 2nd period - Drew Miller is hit by Shane O'Brien and loses puck.
9:52 of 2nd period - Wrist shot by Chad Larose.
9:52 of 2nd period - Stopped by Kari Lehtonen with a rebound.
10:35 of 2nd period - Tyler Arnason is hit by Marian Gaborik and loses puck.
11:10 of 2nd period - Icing by Tomas Kloucek.
11:11 of 2nd period - Tim Connolly wins face-off versus Viktor Kozlov in Canadiens zone.
11:14 of 2nd period - Snap shot by Brenden Morrow.
11:14 of 2nd period - Goal by Brenden Morrow - Coyotes : 1 - Canadiens : 0.
11:15 of 2nd period - Tim Connolly wins face-off versus Robert Nilsson in neutral zone.
11:30 of 2nd period - Snap shot by Tim Connolly.
11:30 of 2nd period - Deflect By Marian Gaborik.
11:30 of 2nd period - Stopped by Kari Lehtonen with a rebound.
11:40 of 2nd period - Éric Desjardins is hit by Bill Guerin and loses puck.
11:47 of 2nd period - Snap shot by Frans Nielsen.
11:47 of 2nd period - Shot Misses the Net.
11:49 of 2nd period - Slapshot by Frans Nielsen.
11:49 of 2nd period - Shot Misses the Net.
12:29 of 2nd period - Snap shot by Marian Gaborik.
12:29 of 2nd period - Stopped by Kari Lehtonen without a rebound.
12:30 of 2nd period - Tim Connolly wins face-off versus Viktor Kozlov in Canadiens zone.
12:31 of 2nd period - Snap shot by Marian Gaborik.
12:31 of 2nd period - Stopped by Kari Lehtonen without a rebound.
12:32 of 2nd period - Tim Connolly wins face-off versus Viktor Kozlov in Canadiens zone.
12:37 of 2nd period - Snap shot by Marian Gaborik.
12:37 of 2nd period - Goal by Marian Gaborik - Coyotes : 2 - Canadiens : 0.
12:38 of 2nd period - Robert Nilsson wins face-off versus Tim Connolly in neutral zone.
12:43 of 2nd period - Mike York is hit by Marian Gaborik and loses puck.
12:55 of 2nd period - Duncan Keith is hit by Tim Connolly.
13:11 of 2nd period - Wrist shot by Richard Zednik.
13:11 of 2nd period - Shot Blocked by Sergei Samsonov.
13:13 of 2nd period - Slapshot by Viktor Kozlov.
13:13 of 2nd period - Stopped by Ryan Miller with a rebound.
13:15 of 2nd period - Snap shot by Viktor Kozlov.
13:15 of 2nd period - Shot Misses the Net.
13:25 of 2nd period - Chad Larose is hit by Alexei Yashin and loses puck.
14:46 of 2nd period - Mike York is hit by Maxim Lapierre and loses puck.
15:52 of 2nd period - Wrist shot by Sergei Samsonov.
15:52 of 2nd period - Shot Misses the Net.
15:54 of 2nd period - Wrist shot by Frans Nielsen.
15:54 of 2nd period - Shot Misses the Net.
15:56 of 2nd period - Snap shot by Frans Nielsen.
15:56 of 2nd period - Goal by Frans Nielsen - Coyotes : 3 - Canadiens : 0.
15:57 of 2nd period - Robert Nilsson wins face-off versus Tim Connolly in neutral zone.
16:12 of 2nd period - Wrist shot by Brenden Morrow.
16:12 of 2nd period - Stopped by Kari Lehtonen without a rebound.
16:13 of 2nd period - Frans Nielsen wins face-off versus Viktor Kozlov in Canadiens zone.
16:14 of 2nd period - Snap shot by Sergei Samsonov.
16:14 of 2nd period - Shot Misses the Net.
16:38 of 2nd period - Tim Connolly is hit by Marek Svatos and loses puck.
16:45 of 2nd period - Duncan Keith is hit by Brenden Morrow and loses puck.
17:17 of 2nd period - Slapshot by Marek Svatos.
17:17 of 2nd period - Shot Misses the Net.
17:23 of 2nd period - Snap shot by Robert Nilsson.
17:23 of 2nd period - Deflect By Craig Adams.
17:23 of 2nd period - Stopped by Ryan Miller without a rebound.
17:24 of 2nd period - Tomas Holmstrom wins face-off versus Frans Nielsen in Coyotes zone.
17:30 of 2nd period - Tom Poti beats up Shane O'Brien.
17:30 of 2nd period - Penalty to Shane O'Brien for Fighting.
17:30 of 2nd period - Penalty to Tom Poti for Fighting.
17:31 of 2nd period - Robert Nilsson wins face-off versus Tim Connolly in neutral zone.
17:42 of 2nd period - Wrist shot by Brenden Morrow.
17:42 of 2nd period - Stopped by Kari Lehtonen without a rebound.
17:43 of 2nd period - Robert Nilsson wins face-off versus Tim Connolly in Canadiens zone.
17:50 of 2nd period - Snap shot by Marian Gaborik.
17:50 of 2nd period - Stopped by Kari Lehtonen with a rebound.
18:04 of 2nd period - Éric Desjardins is hit by Lukas Krajicek and loses puck.
18:19 of 2nd period - Wrist shot by Robert Nilsson.
18:19 of 2nd period - Shot Misses the Net.
18:31 of 2nd period - Snap shot by Brenden Morrow.
18:31 of 2nd period - Stopped by Kari Lehtonen without a rebound.
18:32 of 2nd period - Richard Zednik wins face-off versus Frans Nielsen in Canadiens zone.
18:45 of 2nd period - Wrist shot by Viktor Kozlov.
18:45 of 2nd period - Shot Misses the Net.
18:47 of 2nd period - Snap shot by Richard Zednik.
18:47 of 2nd period - Shot Misses the Net.
19:05 of 2nd period - Snap shot by Drew Miller.
19:05 of 2nd period - Shot Misses the Net.
19:07 of 2nd period - Snap shot by Maxim Lapierre.
19:07 of 2nd period - Shot Misses the Net.
19:23 of 2nd period - Slapshot by Craig Adams.
19:23 of 2nd period - Stopped by Kari Lehtonen with a rebound.
19:25 of 2nd period - Wrist shot by Denis Grebeshkov.
19:25 of 2nd period - Shot Blocked by Tomas Kloucek.
19:27 of 2nd period - Snap shot by Craig Adams.
19:27 of 2nd period - Shot Blocked by Tyler Arnason.
3rd period
0:01 of 3rd period - Robert Nilsson wins face-off versus Marian Gaborik in neutral zone.
0:04 of 3rd period - Slapshot by Robert Nilsson.
0:04 of 3rd period - Shot Misses the Net.
0:06 of 3rd period - Slapshot by Éric Desjardins.
0:06 of 3rd period - Shot Misses the Net.
0:08 of 3rd period - Slapshot by Duncan Keith.
0:08 of 3rd period - Stopped by Ryan Miller with a rebound.
0:10 of 3rd period - Slapshot by Éric Desjardins.
0:10 of 3rd period - Stopped by Ryan Miller without a rebound.
0:11 of 3rd period - Robert Nilsson wins face-off versus Tim Connolly in Coyotes zone.
0:36 of 3rd period - Duncan Keith is hit by Frans Nielsen and loses puck.
0:59 of 3rd period - Snap shot by Ryane Clowe.
0:59 of 3rd period - Stopped by Ryan Miller with a rebound.
1:01 of 3rd period - Wrist shot by Alexei Yashin.
1:01 of 3rd period - Deflect By Brian Pothier.
1:01 of 3rd period - Shot Misses the Net.
1:01 of 3rd period - Puck is out of play.
1:02 of 3rd period - Alexei Yashin wins face-off versus Drew Miller in Coyotes zone.
1:22 of 3rd period - Icing by Ryane Clowe.
1:23 of 3rd period - Tim Connolly wins face-off versus Alexei Yashin in Canadiens zone.
1:43 of 3rd period - Minor Penalty to Lukas Krajicek for Interference.
1:44 of 3rd period - Chad Larose wins face-off versus Robert Nilsson in Coyotes zone.
1:55 of 3rd period - Backhand shot by Robert Nilsson.
1:55 of 3rd period - Goal by Robert Nilsson - Coyotes : 3 - Canadiens : 1.
1:56 of 3rd period - Tim Connolly wins face-off versus Robert Nilsson in neutral zone.
2:43 of 3rd period - Slapshot by Frans Nielsen.
2:43 of 3rd period - Stopped by Kari Lehtonen without a rebound.
2:44 of 3rd period - Viktor Kozlov wins face-off versus Frans Nielsen in Canadiens zone.
3:30 of 3rd period - Snap shot by Alexei Yashin.
3:30 of 3rd period - Deflect By Patrick Eaves.
3:30 of 3rd period - Shot Misses the Net.
3:30 of 3rd period - Puck is out of play.
3:31 of 3rd period - Alexei Yashin wins face-off versus Todd Marchant in Coyotes zone.
3:32 of 3rd period - Slapshot by Ryane Clowe.
3:32 of 3rd period - Stopped by Ryan Miller without a rebound.
3:33 of 3rd period - Todd Marchant wins face-off versus Alexei Yashin in Coyotes zone.
3:40 of 3rd period - Slapshot by Denis Grebeshkov.
3:40 of 3rd period - Stopped by Kari Lehtonen without a rebound.
3:41 of 3rd period - Tim Connolly wins face-off versus Robert Nilsson in Canadiens zone.
3:48 of 3rd period - Snap shot by Marian Gaborik.
3:48 of 3rd period - Stopped by Kari Lehtonen with a rebound.
4:10 of 3rd period - Snap shot by Sergei Samsonov.
4:10 of 3rd period - Shot Blocked by Éric Desjardins.
4:12 of 3rd period - Slapshot by Tom Poti.
4:12 of 3rd period - Shot Misses the Net.
4:14 of 3rd period - Snap shot by Tom Poti.
4:14 of 3rd period - Stopped by Kari Lehtonen with a rebound.
4:29 of 3rd period - Icing by Patrick Eaves.
4:30 of 3rd period - Alexei Yashin wins face-off versus Maxim Lapierre in Canadiens zone.
4:49 of 3rd period - Slapshot by Maxim Lapierre.
4:49 of 3rd period - Stopped by Kari Lehtonen without a rebound.
4:50 of 3rd period - Robert Nilsson wins face-off versus Brenden Morrow in Canadiens zone.
5:21 of 3rd period - Snap shot by Tyler Sloan.
5:21 of 3rd period - Deflect By Viktor Kozlov.
5:21 of 3rd period - Shot Misses the Net.
5:21 of 3rd period - Puck is out of play.
5:22 of 3rd period - Viktor Kozlov wins face-off versus Frans Nielsen in Coyotes zone.
5:23 of 3rd period - Snap shot by Tomas Holmstrom.
5:23 of 3rd period - Shot Misses the Net.
5:31 of 3rd period - Snap shot by Tomas Holmstrom.
5:31 of 3rd period - Stopped by Ryan Miller with a rebound.
6:33 of 3rd period - Wrist shot by Craig Adams.
6:33 of 3rd period - Stopped by Kari Lehtonen without a rebound.
6:34 of 3rd period - Todd Marchant wins face-off versus Robert Nilsson in Canadiens zone.
6:51 of 3rd period - Craig Adams is hit by Robert Nilsson and loses puck.
7:29 of 3rd period - Snap shot by Alexei Yashin.
7:29 of 3rd period - Stopped by Ryan Miller without a rebound.
7:30 of 3rd period - Robert Nilsson wins face-off versus Tim Connolly in Coyotes zone.
8:04 of 3rd period - Tomas Holmstrom is hit by Bill Guerin and loses puck.
8:19 of 3rd period - Brian Pothier is hit by Patrick Eaves.
8:43 of 3rd period - Craig Adams is hit by Robert Nilsson and loses puck.
9:06 of 3rd period - Slapshot by Marian Gaborik.
9:06 of 3rd period - Stopped by Kari Lehtonen without a rebound.
9:07 of 3rd period - Tim Connolly wins face-off versus Alexei Yashin in Canadiens zone.
9:08 of 3rd period - Slapshot by Marian Gaborik.
9:08 of 3rd period - Shot Misses the Net.
9:16 of 3rd period - Wrist shot by Alexei Yashin.
9:16 of 3rd period - Stopped by Ryan Miller with a rebound.
9:18 of 3rd period - Slapshot by Tyler Sloan.
9:18 of 3rd period - Shot Misses the Net.
9:20 of 3rd period - Slapshot by Tyler Sloan.
9:20 of 3rd period - Stopped by Ryan Miller with a rebound.
10:34 of 3rd period - Jiri Fischer is hit by Robert Nilsson and loses puck.
11:15 of 3rd period - Patrick Eaves is hit by Drew Miller and loses puck.
11:40 of 3rd period - Slapshot by Riley Cote.
11:40 of 3rd period - Deflect By Todd Marchant.
11:40 of 3rd period - Stopped by Kari Lehtonen with a rebound.
11:42 of 3rd period - Slapshot by Denis Grebeshkov.
11:42 of 3rd period - Stopped by Kari Lehtonen without a rebound.
11:43 of 3rd period - Tim Connolly wins face-off versus Robert Nilsson in Canadiens zone.
12:08 of 3rd period - Kurt Sauer is hit by Patrick Eaves.
12:19 of 3rd period - Minor Penalty to Ryane Clowe for Holding.
12:20 of 3rd period - Marian Gaborik wins face-off versus Robert Nilsson in Canadiens zone.
12:31 of 3rd period - Wrist shot by Marian Gaborik.
12:31 of 3rd period - Deflect By Brenden Morrow.
12:31 of 3rd period - Goal by Brenden Morrow - Coyotes : 4 - Canadiens : 1.
12:32 of 3rd period - Robert Nilsson wins face-off versus Tim Connolly in neutral zone.
12:37 of 3rd period - Wrist shot by Robert Nilsson.
12:37 of 3rd period - Stopped by Ryan Miller with a rebound.
12:54 of 3rd period - Icing by Robert Nilsson.
12:55 of 3rd period - Viktor Kozlov wins face-off versus Frans Nielsen in Canadiens zone.
13:06 of 3rd period - Snap shot by Richard Zednik.
13:06 of 3rd period - Shot Blocked by Kurt Sauer.
13:27 of 3rd period - Marian Gaborik is hit by Tomas Kloucek and loses puck.
13:32 of 3rd period - Wrist shot by Marek Svatos.
13:32 of 3rd period - Shot Blocked by Kurt Sauer.
14:02 of 3rd period - Wrist shot by Tomas Holmstrom.
14:02 of 3rd period - Shot Misses the Net.
14:19 of 3rd period - Off-side.
14:20 of 3rd period - Tim Connolly wins face-off versus Robert Nilsson in neutral zone.
14:23 of 3rd period - Slapshot by Brenden Morrow.
14:23 of 3rd period - Deflect By Tim Connolly.
14:23 of 3rd period - Shot Misses the Net.
14:23 of 3rd period - Puck is out of play.
14:24 of 3rd period - Tim Connolly wins face-off versus Robert Nilsson in Canadiens zone.
14:29 of 3rd period - Wrist shot by Tim Connolly.
14:29 of 3rd period - Shot Misses the Net.
14:31 of 3rd period - Slapshot by Tom Poti.
14:31 of 3rd period - Deflect By Brenden Morrow.
14:31 of 3rd period - Shot Misses the Net.
14:31 of 3rd period - Puck is out of play.
14:32 of 3rd period - Tim Connolly wins face-off versus Robert Nilsson in Canadiens zone.
14:35 of 3rd period - Snap shot by Marian Gaborik.
14:35 of 3rd period - Stopped by Kari Lehtonen with a rebound.
14:57 of 3rd period - Denis Grebeshkov is hit by Ryane Clowe and loses puck.
15:18 of 3rd period - Snap shot by Tim Connolly.
15:18 of 3rd period - Stopped by Kari Lehtonen without a rebound.
15:19 of 3rd period - Frans Nielsen wins face-off versus Robert Nilsson in Canadiens zone.
15:31 of 3rd period - Minor Penalty to Denis Grebeshkov for Hooking.
15:32 of 3rd period - Robert Nilsson wins face-off versus Chad Larose in Coyotes zone.
15:33 of 3rd period - Slapshot by Mike York.
15:33 of 3rd period - Goal by Mike York - Coyotes : 4 - Canadiens : 2.
15:34 of 3rd period - Robert Nilsson wins face-off versus Maxim Lapierre in neutral zone.
15:39 of 3rd period - Snap shot by Robert Nilsson.
15:39 of 3rd period - Shot Misses the Net.
15:41 of 3rd period - Slapshot by Éric Desjardins.
15:41 of 3rd period - Stopped by Ryan Miller without a rebound.
15:42 of 3rd period - Tyler Arnason wins face-off versus Chad Larose in Coyotes zone.
15:43 of 3rd period - Snap shot by Robert Nilsson.
15:43 of 3rd period - Shot Misses the Net.
15:45 of 3rd period - Slapshot by Éric Desjardins.
15:45 of 3rd period - Stopped by Ryan Miller without a rebound.
15:46 of 3rd period - Maxim Lapierre wins face-off versus Tyler Arnason in Coyotes zone.
16:01 of 3rd period - Slapshot by Maxim Lapierre.
16:01 of 3rd period - Stopped by Kari Lehtonen without a rebound.
16:02 of 3rd period - Robert Nilsson wins face-off versus Tim Connolly in Canadiens zone.
16:27 of 3rd period - Minor Penalty to Denis Grebeshkov for Roughing.
16:28 of 3rd period - Robert Nilsson wins face-off versus Chad Larose in Coyotes zone.
17:01 of 3rd period - Slapshot by Duncan Keith.
17:01 of 3rd period - Stopped by Ryan Miller without a rebound.
17:02 of 3rd period - Chad Larose wins face-off versus Viktor Kozlov in Coyotes zone.
17:23 of 3rd period - Backhand shot by Viktor Kozlov.
17:23 of 3rd period - Goal by Viktor Kozlov - Coyotes : 4 - Canadiens : 3.
17:24 of 3rd period - Drew Miller wins face-off versus Tyler Arnason in neutral zone.
17:35 of 3rd period - Denis Grebeshkov is hit by Éric Desjardins and loses puck.
18:35 of 3rd period - Slapshot by Tim Connolly.
18:35 of 3rd period - Shot Blocked by Jeff Woywitka.
18:37 of 3rd period - Snap shot by Marian Gaborik.
18:37 of 3rd period - Shot Misses the Net.
19:17 of 3rd period - Canadiens, Kari Lehtonen is pulled from the net.
19:19 of 3rd period - Snap shot by Mike York.
19:19 of 3rd period - Shot Misses the Net.
19:39 of 3rd period - Robert Nilsson is hit by Lukas Krajicek and loses puck.
Output by the SimonT Hockey Simulator (STHS) for François Prévost -- Original Page W3C XHTML 1.0 Valid